 Dungeon Crawl Stone Soup version 0.29.1-2-gbd0b4ee654 (webtiles) character file.

Game seed: 14231861380199218750

4131 raph the Arsonist (level 10, -3/55 HPs)
             Began as a Deep Elf Fire Elementalist on Nov 22, 2022.
             Was a Follower of Vehumet.
             Engulfed by a cloud of flame (21 damage)
             ... on level 9 of the Dungeon.
             The game lasted 00:16:58 (10763 turns).

raph the Arsonist (Deep Elf Fire Elementalist)     Turns: 10763, Time: 00:16:59

Health: -3/55      AC: 16    Str:  5    XL:     10   Next: 6%
Magic:  10/23      EV: 17    Int: 25    God:    Vehumet [*.....]
Gold:   470        SH:  0    Dex: 15    Spells: 4/24 levels left

rFire   . . .      SeeInvis .   u - +3 dagger (venom)
rCold   . . .      Faith    .   (no shield)
rNeg    . . .      Spirit   .   r - +3 leather armour
rPois   .          Reflect  .   (no helmet)
rElec   .          Harm     .   c - +1 cloak
rCorr   .          Rampage  .   o - +1 pair of gloves
Will    +....                   C - +1 pair of boots
Stlth   ++........              (no amulet)
HPRegen 0.18/turn               f - +4 ring of evasion
MPRegen 0.18/turn               x - +4 ring of protection

@: studying Polearms
A: no striking features
a: Renounce Religion


You were on level 9 of the Dungeon.
You worshipped Vehumet.
Vehumet was aware of your devotion.
You visited 1 branch of the dungeon, and saw 9 of its levels.
You also visited: Sewer.

You collected 495 gold pieces.
You spent 25 gold pieces at shops.

Inventory:

Hand Weapons
 e - a +0 dagger of freezing
 u - a +3 dagger of venom (weapon)
Missiles
 m - 11 javelins
 p - 15 poisoned darts
 w - 6 throwing nets
 z - 3 curare-tipped darts
Armour
 a - the +1 leather armour of Quantum Leap {rF+}
   (You found it on level 5 of the Dungeon)

   rF:        It protects you from fire.
 c - a +1 cloak (worn)
 o - a +1 pair of gloves (worn)
 r - a +3 leather armour (worn)
 C - a +1 pair of boots (worn)
Jewellery
 f - a +4 ring of evasion (left hand)
 j - a ring of positive energy
 x - a +4 ring of protection (right hand)
 y - a ring of positive energy
Wands
 h - a wand of paralysis (18)
 v - a wand of flame (36)
 A - a wand of polymorph (11)
Scrolls
 g - 6 scrolls of amnesia
 i - 3 scrolls of teleportation
 B - 3 scrolls of fog
 E - a scroll of fear
 I - a scroll of enchant weapon
Potions
 b - 3 potions of magic
 d - 2 potions of resistance
 k - 2 potions of brilliance
 l - a potion of ambrosia
 n - 2 potions of flight
 q - a potion of might
 s - 6 potions of attraction
 t - a potion of invisibility {unknown}
 D - a potion of cancellation
 F - a potion of mutation {unknown}
 G - a potion of haste {unknown}


   Skills:
 + Level 2.9 Fighting
 + Level 3.0 Armour
 + Level 5.2 Dodging
 - Level 2.4 Stealth
 + Level 7.6 Spellcasting
 + Level 6.0 Conjurations
 + Level 4.7 Hexes
 + Level 0.2 Summonings
 * Level 11.1 Fire Magic


You had 4 spell levels left.
You knew the following spells:

 Your Spells              Type           Power      Damage    Failure   Level
a - Foxfire               Conj/Fire      100%       2x1d9     1%          1
b - Scorch                Fire           100%       2d10      1%          2
c - Conjure Flame         Conj/Fire      51%        6-21      1%          3
d - Inner Flame           Hex/Fire       49%        N/A       1%          3
e - Flame Wave            Conj/Fire      51%        2d13      3%          4
f - Tukima's Dance        Hex            33%        N/A       4%          3
g - Magic Dart            Conj           100%       1d8       1%          1
h - Call Canine Familiar  Summ           10%        N/A       28%         3

Your spell library contained the following spells:

 Spells                   Type           Power      Damage    Failure   Level
 Sting                    Tmut/Pois      36%        1d4       11%         1
 Portal Projectile        Hex/Tloc       42%        N/A       12%         3
 Poisonous Vapours        Pois/Air       18%        N/A       16%         2
 Leda's Liquefaction      Hex/Erth       10%        N/A       36%         4
 Olgreb's Toxic Radiance  Pois           9%         N/A       71%         4
 Blade Hands              Tmut           4%         N/A       96%         5
 Summon Cactus Giant      Summ           5%         N/A       100%        6


Dungeon Overview and Level Annotations

Branches:
Dungeon (9/15)             Temple (0/1) D:7           Sewer (visited)
   Lair: D:8-11         Orc: D:9-12

Altars:
Cheibriados
Hepliaklqana
Makhleb
Okawaru
Qazlal
Ru
Uskayaw
Vehumet
Yredelemnul
Zin

Shops:
D:4 *

Annotations:
D:2 fly


Message History

Confirm with . or Enter, or press ? or * to list all spells.
Aiming: Magic Dart (safe; 1% risk of failure)
Press: ? - help, Shift-Dir - straight line, f/p - orc warrior
Aim: an orc warrior, wielding a +0 battleaxe and wearing a +0 chain mail (inner flame, 100% to hit)
The magic dart hits the orc warrior!
Flame seeps out of the orc warrior.
The orc warrior is moderately wounded.
The orc warrior is engulfed in blazing flames.
Flame seeps out of the orc warrior.
Casting: Magic Dart (safe; 1% risk of failure)
Confirm with . or Enter, or press ? or * to list all spells.
Aiming: Magic Dart (safe; 1% risk of failure)
Press: ? - help, Shift-Dir - straight line, f/p - orc warrior
Aim: an orc warrior, wielding a +0 battleaxe and wearing a +0 chain mail (severely wounded, inner flame, 100% to hit)
The magic dart hits the orc warrior.
Flame seeps out of the orc warrior.
The orc warrior is severely wounded.
The orc warrior is engulfed in blazing flames.
Flame seeps out of the orc warrior.
Casting: Magic Dart (safe; 1% risk of failure)
Confirm with . or Enter, or press ? or * to list all spells.
Aiming: Magic Dart (safe; 1% risk of failure)
Press: ? - help, Shift-Dir - straight line, f/p - orc warrior
Aim: an orc warrior, wielding a +0 battleaxe and wearing a +0 chain mail (almost dead, inner flame, 100% to hit)
The magic dart hits the orc warrior but does no damage.
The orc warrior is almost dead.
You closely miss the orc warrior.
The orc warrior is almost dead.
The orc warrior misses you.
The orc warrior attacks as you move away!
The orc warrior closely misses you.
The orc warrior attacks as you move away!
The orc warrior hits you but does no damage.
Casting: Magic Dart (safe; 1% risk of failure)
Confirm with . or Enter, or press ? or * to list all spells.
Flames lash the orc warrior.
Vehumet accepts your kill.
The orc warrior explodes!
The fiery explosion engulfs you!!!
Ouch! That really hurt!
You are engulfed in blazing flames.
You die...

.# #.# #.# # # #.#
.. #. #.# ..
####.#####.###.##
.......§§§......##
#...§)§........
#...@##.###..#
####....##.###..#.
..................
.###....###.##..#.
.......<..#... ..
..#####.#...##.. .
#........[#
###.#^##. # .#.#


There were no monsters in sight!

Vanquished Creatures
  A hornet (D:8)
  Sigmund (D:3)
  A wraith (D:9)
  A wyvern (D:8)
  6 yaks (D:8)
  Eustachio (D:5)
  A water moccasin (D:6)
  2 orc warriors
  2 sky beasts
  A black bear (D:6)
  A centaur (D:8)
  A phantom (D:5)
  A kobold brigand (D:4)
  3 bullfrogs
  4 necrophages
  2 gnoll sergeants
  A scorpion (D:6)
  2 howler monkeys
  An electric eel (D:6)
  3 hounds
  4 jellies
  6 orc priests
  Crazy Yiuf (D:3)
  An iguana (D:6)
  6 orc wizards
  Ijyb (D:5)
  17 adders
  14 gnolls
  2 river rats (D:3)
  A shadow imp (D:7)
  A white imp (D:6)
  An ufetubus (D:4)
  5 worms (D:3)
  3 dart slugs
  26 orcs
  3 bats
  3 endoplasms
  4 giant cockroaches (D:3)
  9 goblins
  4 hobgoblins
  2 kobolds
  8 ball pythons
  5 frilled lizards
  8 rats
171 creatures vanquished.

Vanquished Creatures (collateral kills)
  An orc (D:8)
1 creature vanquished.

Vanquished Creatures (others)
  An orc wizard (D:5)
  471 foxfires
472 creatures vanquished.

Grand Total: 644 creatures vanquished

Notes
Turn   | Place    | Note
-------+----------+-------------------------------------------
     0 | D:1      | raph the Deep Elf Fire Elementalist began the quest for the
                  | Orb.
     0 | D:1      | Reached XP level 1. HP: 10/10 MP: 6/6
   217 | D:1      | Found a faded altar of an unknown god.
   314 | D:1      | Reached skill level 4 in Fire Magic
   314 | D:1      | Reached XP level 2. HP: 14/15 MP: 5/8
   564 | D:1      | Learned a level 2 spell: Scorch
  1014 | D:2      | Reached XP level 3. HP: 19/19 MP: 3/9
  1018 | D:2      | Learned a level 3 spell: Conjure Flame
  1204 | D:2      | Reached skill level 5 in Fire Magic
  1538 | D:2      | Identified the +11 whip of Gozag's Reproof {elec, +Blink
                  | Fly}
  2005 | D:3      | Reached XP level 4. HP: 20/24 MP: 1/10
  2009 | D:3      | Learned a level 3 spell: Inner Flame
  2314 | D:3      | Found a glowing drain.
  2320 | D:3      | Reached skill level 6 in Fire Magic
  2323 | Sewer    | Entered a sewer
  2655 | Sewer    | Reached XP level 5. HP: 28/28 MP: 8/11
  3452 | D:3      | Noticed Sigmund
  3469 | D:3      | Killed Sigmund
  3470 | D:3      | Reached skill level 7 in Fire Magic
  3470 | D:3      | Reached XP level 6. HP: 32/32 MP: 2/13
  3856 | D:3      | Found a runed translucent door.
  3857 | D:3      | Noticed Crazy Yiuf
  3862 | D:3      | Killed Crazy Yiuf
  4071 | D:3      | You fall into a shaft and drop 1 floor!
  4075 | D:4      | Found Datener's Assorted Antiques.
  4088 | D:4      | Bought a scroll labelled KUW HEFUDAKHA for 25 gold pieces
  4316 | D:4      | Learned a level 4 spell: Flame Wave
  4368 | D:4      | Found a hide-covered altar of Uskayaw.
  4466 | D:4      | Noticed a sky beast
  4475 | D:4      | Killed a sky beast
  4476 | D:4      | Reached XP level 7. HP: 28/36 MP: 1/15
  4614 | D:4      | Noticed an air elemental
  4616 | D:4      | Found a stormy altar of Qazlal.
  4631 | D:4      | Noticed a fire elemental
  4634 | D:4      | Noticed a water elemental
  4727 | D:4      | Reached skill level 8 in Fire Magic
  5323 | D:5      | Entered Level 5 of the Dungeon
  5328 | D:5      | Identified the +1 leather armour of Quantum Leap {rF+}
  5390 | D:5      | Noticed Ijyb
  5498 | D:5      | Killed Ijyb
  5499 | D:5      | Reached skill level 5 in Spellcasting
  5790 | D:5      | Noticed Eustachio
  5815 | D:5      | Killed Eustachio
  5816 | D:5      | Reached skill level 9 in Fire Magic
  5816 | D:5      | Reached XP level 8. HP: 16/41 MP: 4/18
  6695 | D:5      | Found a hazy altar of Hepliaklqana.
  6774 | D:5      | Learned a level 3 spell: Tukima's Dance
  6864 | D:6      | Reached skill level 1 in Hexes
  7330 | D:6      | Found a glowing silver altar of Zin.
  7333 | D:6      | Found a radiant altar of Vehumet.
  7337 | D:6      | Found an iron altar of Okawaru.
  7337 | D:6      | Found a burning altar of Makhleb.
  7337 | D:6      | Found a basalt altar of Yredelemnul.
  7340 | D:6      | Found a sacrificial altar of Ru.
  7342 | D:6      | Found a snail-covered altar of Cheibriados.
  7351 | D:6      | Became a worshipper of Vehumet
  7607 | D:6      | Reached skill level 1 in Armour
  7629 | D:6      | Reached skill level 1 in Fighting
  7868 | D:6      | Reached skill level 5 in Conjurations
  8263 | D:6      | Reached XP level 9. HP: 47/47 MP: 13/20
  8499 | D:6      | Reached skill level 10 in Fire Magic
  8755 | D:7      | Found a staircase to the Ecumenical Temple.
  9201 | D:8      | Reached * piety under Vehumet
  9201 | D:8      | Offered knowledge of Magic Dart by Vehumet.
  9527 | D:8      | Reached skill level 5 in Dodging
  9758 | D:8      | Learned a level 1 spell: Magic Dart
  9969 | D:8      | Reached skill level 11 in Fire Magic
  9979 | D:8      | Reached XP level 10. HP: 55/55 MP: 3/23
 10741 | D:9      | Learned a level 3 spell: Call Canine Familiar
 10763 | D:9      | Engulfed by a cloud of flame

Illustrated notes

Levels and vault maps discovered:
D:1:      ebering_trefoil_twist, layout_loops_ring,
          shapermc_ecumenical_altar_starsandcircs, chequers_hall_statues_wall_a
D:2:      layout_basic, amcnicky_mini_rare_corridor_liquid,
          hangedman_decor_points, corexii_item_surrounded_by_moat,
          serial_park_tiny_pond
D:3:      layout_loops_ring, portal_sewer_entry_e, nicolae_wormholes,
          uniq_crazy_yiuf_cottage, uniq_sigmund
D:4:      layout_basic, nicolae_qazlal_style_of_elements,
          mainiacjoe_overflow_24_doors, serial_co_window_serial,
          co_window_paths_a, co_window_corner_a, co_window_paths_a,
          co_window_paths_b, co_window_of_opportunity_a, co_window_corner_b,
          co_window_2corner, co_window_2corner, glass_columns_c,
          glass_columns_a, glass_columns_a, serial_shops, nicolae_stop_n_shop_1,
          minmay_manual_mail
D:5:      layout_rooms, nicolae_hepliaklqana_hippocampus, chequers_garden,
          uniq_ijyb, uniq_eustachio
D:6:      layout_loops_ring, minitemple, kennysheep_generic_room_2
D:7:      layout_rooms, minmay_temple_entry_stoned_glass
D:8:      layout_basic, nicolae_wwwww, wad_floor_pattern_2
D:9:      layout_loops_ring

Skill      XL: |  1  2  3  4  5  6  7  8  9 10 |
---------------+-------------------------------+-----
Fire Magic     | 4 5 6 7 9 11 | 11.1
Conjurations   | 2 4 5 6 |  6.0
Spellcasting   | 4 5 6 7 |  7.6
Hexes          | 2 4 |  4.7
Armour         | 1 2 3 |  3.0
Dodging        | 3 5 |  5.2
Fighting       | 1 2 |  2.9
Stealth        | |  2.4
Summonings     | |  0.2

Action                   |  1- 3 |  4- 6 |  7- 9 | 10-12 || total
-------------------------+-------+-------+-------+-------++-------
Melee: Dagger            |     1 |     9 |     8 |     1 ||    19
       Punch             |       |     1 |       |       ||     1
 Cast: Foxfire           |    47 |    57 |   172 |     1 ||   277
       Scorch            |    11 |    32 |    42 |     5 ||    90
       Conjure Flame     |       |     2 |     5 |     2 ||     9
       Inner Flame       |       |     1 |    11 |     7 ||    19
       Flame Wave        |       |       |     4 |     1 ||     5
       Magic Dart        |       |       |       |     7 ||     7
  Use: Scroll            |     6 |     9 |    10 |       ||    25
       Potion            |       |       |     2 |       ||     2
Armor: Robe              |     2 |     4 |       |       ||     6
       Leather armour    |       |       |    27 |     1 ||    28
Dodge: Dodged            |    10 |    38 |    50 |     5 ||   103
